 Dungeon Sprint DCSS version 0.19.0-22-gd96e5fe (webtiles) character file.

69 equalderp2856 the Gouger (level 4, -9/22 HPs)
             Began as a Felid Fighter on Nov 18, 2016.
             Killed from afar by a deep elf mage (31 damage)
             ... with a bolt of negative energy
             ... in the Dungeon (Sprint III: "The Ten Rune Challenge").
             The game lasted 00:02:24 (397 turns).

equalderp2856 the Gouger (Felid Fighter)             Turns: 397, Time: 00:02:25

Health: -9/22      AC:  1    Str: 13    XL:     4   Next: 2%
Magic:  5/5        EV: 21    Int: 10    God:
Gold:   40         SH:  0    Dex: 15    Spells: 1 memorised, 2 levels left
                                        Lives:  0   Deaths: 1

rFire  . . .     SeeInvis +       - Unarmed
rCold  . . .     Gourm    .     (armour unavailable)
rNeg   . . .     Faith    .     (shield unavailable)
rPois  .         Spirit   .     (helmet unavailable)
rElec  .         Reflect  .     (cloak unavailable)
rCorr  .         Harm     .     (gloves unavailable)
MR     .....     NoTele   +     (boots unavailable)
Stlth  +++.......               (no amulet)
                                (no ring)
                                (no ring)

@: drained, quick
A: no armour, no weapons or thrown items, stealth, claws 1, fangs 3, see
invisible, carnivore 3, speed 1, shaggy fur 1, slow metabolism 1, sharp paws
a: no special abilities


You were in the Dungeon.
You were not hungry.

You visited 1 branch You collected 40 gold pieces.

Inventory:

Scrolls
 h - a scroll of blinking
 i - 2 scrolls of identify {unknown}
 k - a scroll of torment {unknown}
 l - a scroll of recharging {unknown}
 m - a scroll of amnesia {unknown}
 o - a scroll of immolation {unknown}
 p - a scroll of remove curse {unknown}
Potions
 a - a potion of might
 c - a potion of curing
 d - a potion of heal wounds
 e - a potion of haste
 f - 2 potions of magic
 g - a potion of berserk rage
 j - 2 potions of mutation {unknown}
 n - 3 potions of cure mutation
 r - a potion of flight {unknown}
Books
 s - a book of Debilitation

   Spells                             Type                      Level
   a - Corona                         Hexes                        1
   b - Slow                           Hexes                        2
   c - Gell's Gravitas                Hexes/Translocation          3
   d - Inner Flame                    Hexes/Fire                   3
   e - Cause Fear                     Hexes                        4
   f - Leda's Liquefaction            Hexes/Earth                  4
Comestibles
 b - a meat ration
 q - a royal jelly


   Skills:
 + Level 4.9(4.3) Fighting
 + Level 7.1(6.4) Dodging
 + Level 3.2(2.5) Stealth
 + Level 8.6(7.9) Unarmed Combat


You had 2 spell levels left.
You knew the following spells:

 Your Spells              Type           Power        Failure   Level  Hunger
a - Corona                Hex            #......      38%         1    ##.....


Dungeon Overview and Level Annotations

Branches:
Dungeon (1/1)

Altars:
Elyvilon
Kikubaaqudgha
Sif Muna
Vehumet
Zin
The Shining One


Innate Abilities, Weirdness & Mutations

You cannot wear armour.
You are incapable of wielding weapons or throwing items.
Your paws allow you to move quietly. (Stealth)
You have sharp claws.
You have razor-sharp teeth.
You have supernaturally acute eyesight. (SInv)
You are carnivorous and can eat meat at any time.
You cover ground quickly.
You are covered in fur. (AC +1)
You have a slow metabolism.
Your sharp claws are effective at attacking unaware monsters.


Message History

There is an open door to the Ecumenical Temple here.
The sixfirhy closely misses you. The sixfirhy hits you.
The sixfirhy shocks you!
Ouch! That really hurt!
* * * LOW HITPOINT WARNING * * *
The sixfirhy closely misses you. The sixfirhy barely misses you.
There is an open door to the Ecumenical Temple here.
You close the door.
Something unseen opens the door.
You feel much better. The sixfirhy completely misses you.
You miss the sixfirhy. Your bite misses the sixfirhy.
The deep elf mage mumbles some strange words.
The sixfirhy completely misses you. The sixfirhy misses you.
The sixfirhy completely misses you. The sixfirhy closely misses you.
The sixfirhy disappears in a puff of smoke!
The deep elf mage points at you and mumbles some strange words.
The bolt of negative energy hits you!
You feel drained.
Ouch! That really hurt!
You die...

▓.....#....≈♣♣ ♣♣.###'#+##
▓.....#...≈≈.♣ ♣♣.#.e.....
▓....(#..≈≈≈≈♣♣♣..'.⌠.....
▓####'#..≈≈≈≈≈≈♣..#...####
▓....÷#.≈≈≈≈≈≈....#.⌠.#
▓.....#.≈≈≈≈≈.e...#...#
▓.....#.≈≈≈.......#)###
▓'#####......rr...#.).#
▓........@........#___#
▓▓▓▓▓▓▓▓▓▓▓▓▓▓▓▓▓▓▓▓▓▓▓


You could see a deep elf mage and 2 hell rats.

Vanquished Creatures
  A water elemental (D)
  A wizard (D)
  A human (D)
  A kobold demonologist (D)
  A wolf (D)
  An ooze (D)
  3 rats (D)
9 creatures vanquished.

Vanquished Creatures (others)
  2 draconian scorchers (D)
  6 hellions (D)
  A yaktaur (D)
9 creatures vanquished.

Grand Total: 18 creatures vanquished

Notes
Turn   | Place    | Note
-------+----------+-------------------------------------------
     0 | D        | equalderp2856 the Felid Fighter began the quest for the Orb.
     0 | D        | Reached XP level 1. HP: 10/10 MP: 2/2
    45 | D        | Killed a yaktaur
    50 | D        | Noticed a wolf
    62 | D        | Killed a wolf
    62 | D        | Reached skill level 5 in Dodging
    62 | D        | Reached skill level 1 in Stealth
    62 | D        | Reached skill level 5 in Unarmed Combat
    62 | D        | Reached XP level 2. HP: 6/15 MP: 3/3
    95 | D        | Killed a hellion
   101 | D        | Reached skill level 6 in Unarmed Combat
   101 | D        | Reached XP level 3. HP: 9/18 MP: 4/4
   134 | D        | Killed a hellion
   134 | D        | Killed a hellion
   134 | D        | Killed a hellion
   136 | D        | Killed a hellion
   175 | D        | Killed a hellion
   314 | D        | Killed a white draconian scorcher
   330 | D        | Noticed a water elemental
   340 | D        | Killed a water elemental
   340 | D        | Reached skill level 7 in Unarmed Combat
   340 | D        | Reached XP level 4. HP: 22/22 MP: 5/5
   345 | D        | Found a radiant altar of Vehumet.
   345 | D        | Found a deep blue altar of Sif Muna.
   345 | D        | Found an ancient bone altar of Kikubaaqudgha.
   345 | D        | Noticed a wizard
   349 | D        | Killed a wizard
   349 | D        | Reached skill level 8 in Unarmed Combat
   352 | D        | Reached XP level 5. HP: 25/25 MP: 6/6
   362 | D        | Killed a white draconian scorcher
   364 | D        | Learned a level 1 spell: Corona
   367 | D        | Found a glowing silver altar of Zin.
   367 | D        | Found a glowing golden altar of the Shining One.
   367 | D        | Found a white marble altar of Elyvilon.
   368 | D        | Noticed a deep elf mage
   371 | D        | Noticed a sixfirhy
   376 | D        | Killed from afar by a deep elf mage
   377 | D        | Reached XP level 4. HP: -17/22 MP: 5/5
   397 | D        | Killed from afar by a deep elf mage

Skill      XL: |  1  2  3  4 |
---------------+-------------+-----
Dodging        | 5 6 7 |  7.1
Stealth        | 1 2 3 |  3.2
Unarmed Combat | 5 6 7 8 |  8.6
Fighting       | 4 |  4.9

Action                   |  1- 3 |  4- 6 || total
-------------------------+-------+-------++-------
Melee: Unarmed           |    29 |    11 ||    40
       Bite              |     4 |       ||     4
       Punch             |     3 |       ||     3
  Use: Potion            |       |     1 ||     1
 Stab: Sleeping          |     2 |     1 ||     3
  Eat: Chunk             |     1 |       ||     1
Armor: Skin              |     1 |       ||     1
Dodge: Dodged            |    19 |    18 ||    37
